 Dungeon Crawl Stone Soup version 0.24-a0-530-g18ba70b503 (webtiles) character file.

Game seed: 7826372266594291448

91 Delarado the Changer (level 4, 0/28 HPs)
             Began as an Octopode Transmuter on Aug 9, 2019.
             Slain by a worker ant (6 damage)
             ... on level 3 of the Dungeon.
             The game lasted 00:12:31 (2350 turns).

Delarado the Changer (Octopode Transmuter)          Turns: 2350, Time: 00:12:31

Health: 0/28       AC:  1    Str: 10    XL:     4   Next: 57%
Magic:  0/7        EV: 13    Int: 15    God:
Gold:   100        SH:  0    Dex: 12    Spells: 4/7 levels left

rFire    . . .     SeeInvis .     - Unarmed
rCold    . . .     Gourm    .   (no shield)
rNeg     . . .     Faith    .   (helmet restricted)
rPois    .         Spirit   .   (no amulet)
rElec    .         Reflect  .   (no ring)
rCorr    .         Harm     .   (no ring)
MR       .....                  (no ring)
Stlth    ++........             (no ring)
HPRegen  0.09/turn              (no ring)
MPRegen  0.10/turn              (no ring)
                                (no ring)
                                (no ring)

@: appendage, very slightly contaminated
A: almost no armour, stealthy swim, amphibious, 8 rings, constrict 8, tentacle
spike 3, camouflage 1, gelatinous body 1
a: End Transformation


You were on level 3 of the Dungeon.
You were not hungry.
One of your tentacles had a temporary spike.
You visited 1 branch of the dungeon, and saw 3 of its levels.

You collected 100 gold pieces.

Inventory:

Missiles
 a - 19 arrows
 k - 147 stones
 o - 20 bolts
 p - 6 javelins (quivered)
 u - 2 boomerangs
Scrolls
 b - a scroll of teleportation {unknown}
 g - 2 scrolls of amnesia {unknown}
 h - a scroll of enchant armour
 i - a scroll of random uselessness {unknown}
 j - a scroll of fear
 m - a scroll of magic mapping {unknown}
 n - a scroll of blinking {unknown}
 q - a scroll of noise {unknown}
 s - a scroll of remove curse {unknown}
 t - 2 scrolls of enchant weapon {unknown}
Potions
 e - 2 potions of curing
 f - a potion of brilliance
 l - a potion of ambrosia
 r - 2 potions of might {unknown}
Comestibles
 c - 6 rations
 d - 9 chunks of flesh


   Skills:
 - Level 1.0 Fighting
 - Level 2.0 Dodging
 + Level 3.3 Unarmed Combat
 - Level 2.0 Spellcasting
 * Level 4.4 Transmutations


You had 4 spell levels left.
You knew the following spells:

 Your Spells              Type           Power        Failure   Level  Hunger
a - Beastly Appendage     Tmut           ##....       3%          1    #......
b - Sticks to Snakes      Tmut           ##......     5%          2    ###....

Your spell library contained the following spells:

 Spells                   Type           Power        Failure   Level  Hunger
 Spider Form              Tmut/Pois      #.........   26%         3    ###....
 Ice Form                 Ice/Tmut       #.......     65%         4    #####..
 Blade Hands              Tmut           ##........   71%         5    ######.


Dungeon Overview and Level Annotations

Branches:
Dungeon (3/15)

Altars:
Ashenzari
Gozag
Sif Muna
Vehumet
Wu Jian


Innate Abilities, Weirdness & Mutations

You cannot wear most types of armour.
You are very stealthy in the water. (Stealth+)
You are amphibious.
You can wear up to eight rings at the same time.
You can use your tentacles to constrict eight enemies at once.
Your skin changes colour to match your surroundings (Stealth+).
Your rubbery body absorbs attacks. (AC +1, EV +1)
One of your tentacles bears a large vicious spike.


Message History

You throw a stone. The stone completely misses the orc.
The stone hits the worker ant but does no damage.
Throwing (i - inventory. (/) - cycle)
p - 7 javelins
Press: ? - help, Shift-Dir - straight line, f/p - orc
Aim: an orc, wielding a +0 short sword and wearing a +0 leather armour (severely wounded)
You throw a javelin. The javelin barely misses the orc.
The javelin pierces through the worker ant!
The worker ant is heavily wounded.
You tentacle-slap the orc.
You kill the orc!
Casting: Sticks to Snakes (safe; 5% risk of failure)
Confirm with . or Enter, or press ? or * to list all spells.
One of your tentacles grows a vicious spike.
The worker ant bites you! x2
* * * LOW HITPOINT WARNING * * *
You tentacle-slap the worker ant but do no damage.
Your grab misses the worker ant. Your squeeze misses the worker ant.
The worker ant is moderately wounded.
The worker ant bites you.
You die...

#........# #.#.....
#........###.#.####
#..............#
#..........#...#
#........#.#...#
#........+.....#
#........#.....#
##'###'#.#.....# #@#
#.#.#.....# #a#
#.#.#.....# #.#
#.#.....[.# #.#
#.####.....+ #(# #.#
#.#.### #.# #.# #.#..
#######
#)###.####.####
......o####([..†..##.
......{oS.........###


You could see a worker ant.

Vanquished Creatures
  An adder (D:2)
  A worm (D:3)
  2 dart slugs
  3 leopard geckos
  An orc (D:3)
  4 ball pythons
  7 bats
  2 giant cockroaches
  9 goblins
  9 hobgoblins
  5 kobolds (D:1)
  2 quokkas
  2 frilled lizards (D:1)
  7 rats
55 creatures vanquished.

Vanquished Creatures (collateral kills)
  A worm (D:2)
  6 orcs (D:3)
  A giant cockroach (D:2)
  4 kobolds
12 creatures vanquished.

Grand Total: 67 creatures vanquished

Notes
Turn   | Place    | Note
-------+----------+-------------------------------------------
     0 | D:1      | Delarado the Octopode Transmuter began the quest for the
                  | Orb.
     0 | D:1      | Reached XP level 1. HP: 13/13 MP: 3/3
   127 | D:1      | Reached XP level 2. HP: 16/18 MP: 3/5
   222 | D:1      | Reached skill level 3 in Transmutations
   232 | D:1      | Learned a level 2 spell: Sticks to Snakes
   392 | D:1      | Reached XP level 3. HP: 23/23 MP: 4/6
  1342 | D:2      | Found a shattered altar of Ashenzari.
  1361 | D:2      | Reached skill level 4 in Transmutations
  1496 | D:2      | Reached XP level 4. HP: 28/28 MP: 5/7
  1847 | D:2      | Found a deep blue altar of Sif Muna.
  1847 | D:2      | Found a radiant altar of Vehumet.
  1965 | D:2      | Found an opulent altar of Gozag.
  2190 | D:3      | Found an ornate altar of the Wu Jian Council.
  2350 | D:3      | Slain by a worker ant

Levels and vault maps discovered:
D:1:      ncdulo_wetmaze, layout_rooms, minmay_misc_feat_tower
D:2:      layout_rooms, gammafunk_temple_overflow_wave,
          lemuel_coloured_pillars_altar, evilmike_ruin_ashenzari
D:3:      layout_basic, cheibriados_altar_1, lemuel_doored_altar

Skill      XL: |  1  2  3 |
---------------+----------+-----
Transmutations | 3 4 |  4.4
Fighting       | |  1.0
Dodging        | |  2.0
Unarmed Combat | |  3.3
Spellcasting   | |  2.0

Action                   |  1- 3 |  4- 6 || total
-------------------------+-------+-------++-------
Melee: Unarmed           |    83 |    23 ||   106
       Constrict         |    22 |     5 ||    27
       Tentacles         |    11 |     4 ||    15
       Kick              |    16 |     5 ||    21
       Punch             |     5 |       ||     5
Throw: Stone             |     6 |    17 ||    23
       Javelin           |       |     1 ||     1
 Cast: Beastly Appendage |    24 |    10 ||    34
       Sticks to Snakes  |     4 |     9 ||    13
  Use: Scroll            |     4 |       ||     4
       Potion            |     1 |       ||     1
 Stab: Sleeping          |     1 |       ||     1
  Eat: Chunk             |     3 |     3 ||     6
Armor: Skin              |     7 |       ||     7
Dodge: Dodged            |    57 |    20 ||    77

Table legend:
 A = Non-vault XP
 B = Vault XP
 C = Vault XP percentage of total XP
 D = Non-vault monster count
 E = Vault monster count
 F = Vault count percentage of total count
                 A         B        C        D         E       F
            +---------+---------+-------+---------+---------+-------
      Total |     130 |       0 |   0.0 |      67 |       0 |   0.0
            +---------+---------+-------+---------+---------+-------
        D:1 |      51 |       0 |   0.0 |      30 |       0 |   0.0
        D:2 |      51 |       0 |   0.0 |      23 |       0 |   0.0
        D:3 |      28 |       0 |   0.0 |      14 |       0 |   0.0
            +---------+---------+-------+---------+---------+-------
